 Dungeon Crawl Stone Soup version 0.29.1-1-gd02db6906a (webtiles) character file.

Game seed: 10371758212259833546

2498 H0rd4k the Insei (level 9, -1/54 HPs)
             Began as an Octopode Transmuter on Oct 18, 2022.
             Was an Initiate of Gozag.
             Slain by a wyvern (9 damage)
             ... on level 8 of the Dungeon.
             The game lasted 00:11:59 (8034 turns).

H0rd4k the Insei (Octopode Transmuter)              Turns: 8034, Time: 00:11:59

Health: -1/54      AC:  1    Str: 17    XL:     9   Next: 52%
Magic:  17/17      EV: 18    Int: 17    God:    Gozag
Gold:   309        SH:  0    Dex: 11    Spells: 3/18 levels left

rFire   . . .      SeeInvis .     - Unarmed
rCold   . . .      Faith    .   (no shield)
rNeg    . . .      Spirit   .   (helmet currently unavailable)
rPois   +          Reflect  .   w - amulet of the acrobat
rElec   .          Harm     .   j - +4 ring of evasion
rCorr   .          Rampage  .   D - ring of poison resistance
Will    +....                   G - ring of willpower
Stlth   ++........              (no ring)
HPRegen 0.18/turn               (no ring)
MPRegen 0.15/turn               (no ring)
                                (no ring)
                                (no ring)

@: appendages, studying Throwing
A: tentacle spike 3, almost no armour, amphibious, 8 rings, camouflage 1,
gelatinous body 1, (nimble swimmer 1), tentacles, fangs 1, strong 2
a: End Transformation, Renounce Religion, Potion Petition, Call Merchant, Bribe
Branch


You were on level 8 of the Dungeon.
You worshipped Gozag.
Gozag was aware of your devotion.
One of your tentacles had grown a beastly spike.
You visited 2 branches of the dungeon, and saw 9 of its levels.
You also visited: Sewer.

You collected 409 gold pieces.
You paid 100 gold pieces to Gozag.

Inventory:

Hand Weapons
 h - a +2 spear of freezing
Missiles
 r - 4 poisoned darts (quivered)
Magical Staves
 g - a staff of poison
 m - a staff of death
Jewellery
 j - a +4 ring of evasion (left tentacle)
 w - an amulet of the acrobat (around mantle)
 D - a ring of poison resistance (right tentacle)
 G - a ring of willpower (on tentacle)
Wands
 k - a wand of roots (4)
 q - a wand of digging (5)
 t - a wand of polymorph (8)
 y - a wand of flame (1)
Scrolls
 b - a scroll of brand weapon {unknown}
 c - 3 scrolls of magic mapping {unknown}
 f - 2 scrolls of immolation {unknown}
 i - 2 scrolls of amnesia
 l - 3 scrolls of vulnerability {unknown}
 s - a scroll of fear {unknown}
 v - 5 scrolls of blinking
 z - 3 scrolls of teleportation
 A - a scroll of butterflies {unknown}
 C - a scroll of enchant weapon {unknown}
 E - a scroll of summoning {unknown}
 F - a scroll of enchant armour {unknown}
Potions
 a - a potion of lignification
 d - 2 potions of mutation
 e - a potion of curing
 n - 2 potions of ambrosia
 o - 5 potions of invisibility
 u - a potion of brilliance {unknown}
 x - 3 potions of haste
 B - a potion of resistance {unknown}


   Skills:
 + Level 2.2 Fighting
 + Level 2.4 Throwing
 - Level 4.0 Dodging
 - Level 7.4 Unarmed Combat
 * Level 5.4 Spellcasting
 * Level 2.8 Hexes
 * Level 5.5 Transmutations
 * Level 3.1 Fire Magic
 * Level 1.5 Poison Magic
 + Level 2.4 Evocations


You had 3 spell levels left.
You knew the following spells:

 Your Spells              Type           Power      Damage    Failure   Level
a - Beastly Appendage     Tmut           46%        N/A       1%          1
b - Inner Flame           Hex/Fire       14%        N/A       12%         3
c - Tukima's Dance        Hex            14%        N/A       13%         3
d - Spider Form           Tmut/Pois      16%        N/A       10%         3
e - Blade Hands           Tmut           11%        N/A       36%         5

Your spell library contained the following spells:

 Spells                   Type           Power      Damage    Failure   Level
 Wereblood                Tmut           23%        N/A       1%          2
 Foxfire                  Conj/Fire      36%        2x1d5     8%          1
 Apportation              Tloc           8%         N/A       14%         1
 Necrotise                Necr           16%        1d4       14%         1
 Summon Small Mammal      Summ           16%        N/A       14%         1
 Poisonous Vapours        Pois/Air       14%        N/A       16%         2
 Conjure Flame            Conj/Fire      9%         6-21      22%         3
 Portal Projectile        Hex/Tloc       18%        N/A       22%         3
 Frozen Ramparts          Ice            8%         1d2       38%         3
 Ice Form                 Ice/Tmut       14%        N/A       41%         4
 Flame Wave               Conj/Fire      9%         2d6       58%         4
 Summon Ice Beast         Ice/Summ       4%         N/A       80%         4
 Corpse Rot               Necr/Pois/Air  Unusable   N/A       N/A         4

Dungeon Overview and Level Annotations

Branches:
Dungeon (8/15)             Temple (1/1) D:7           Sewer (visited)
   Lair: D:8-11

Altars:
Ashenzari
Dithmenos
Elyvilon
Fedhas
Gozag
Kikubaaqudgha
Makhleb
Nemelex Xobeh
Okawaru
Qazlal
Trog
Uskayaw
Vehumet
Wu Jian
Xom
The Shining One

Shops:
D:1 *[*=

Annotations:
D:1 exclusion: downstairs
D:5 Grinder
D:6 exclusion: downstairs


Innate Abilities, Weirdness & Mutations

One of your tentacles has grown a beastly spike.
You cannot wear most types of armour.
You are amphibious.
You can wear up to eight rings at the same time.
Your skin changes colour to match your surroundings (Stealth+).
Your rubbery body absorbs attacks. (AC +1, EV +1)
((You are camouflaged when in or above water. (Stealth+)))
You have tentacles for arms and can constrict up to eight enemies at once.
You have very sharp teeth.
Your muscles are very strong. (Str +8, Int/Dex -2)


Message History

You start memorising the spell.
You continue memorising. x5
You finish memorising.
Spell assigned to 'e'.
A black bear and a wyvern come into view.
The wyvern hisses angrily.
A wolf comes into view.
The wyvern hisses menacingly.
Casting: Beastly Appendage (safe; 1% risk of failure)
Confirm with . or Enter, or press ? or * to list all spells.
One of your tentacles grows a vicious spike.
The wyvern completely misses you.
You closely miss the wyvern.
You pierce the wyvern, but do no damage.
You squeeze the wyvern, but do no damage.
The wyvern bites you! The wyvern closely misses you.
You tentacle-slap the wyvern.
Your tentacle spike misses the wyvern.
Your bite misses the wyvern. You squeeze the wyvern.
The wyvern is moderately wounded.
The wyvern bites you!
You tentacle-slap the wyvern.
Your tentacle spike misses the wyvern.
The wyvern is moderately wounded.
The wyvern completely misses you. The wyvern bites you!!
* * * LOW HITPOINT WARNING * * *
You tentacle-slap the wyvern.
You pierce the wyvern.
Your bite misses the wyvern.
The wyvern is heavily wounded.
The wyvern closely misses you.
You bludgeon the wyvern! You bite the wyvern, but do no damage.
The wyvern is severely wounded.
The wyvern bites you.
* * * LOW HITPOINT WARNING * * *
Okay, then.
You barely miss the wyvern.
You pierce the wyvern.
You bite the wyvern, but do no damage.
The wyvern is almost dead.
The wyvern closely misses you.
You closely miss the wyvern. Your squeeze misses the wyvern.
The wyvern is almost dead.
The wyvern bites you!
You die...
Your body crumbles into a pile of gold.

#.# ..h# #.# ....
##########.# ### P.P..
#..........# #<# P....
#.########.###.#### ......
#.##...............
hP....##....#####.###.####
.P.....###### #.# #(##.# $
........l@..# ##.###.##.#
.....♣#####.# #.........#


.hP ####.####..#...#..# . #...^.............# #########.........#
........#####..# ##..)).....# #..####.... #..#....... You could see a wyvern.

Vanquished Creatures
  Sigmund (D:4)
  An acid dragon (D:8)
  A black bear (D:7)
  2 sky beasts (D:7)
  An ice beast (D:6)
  An orc warrior (D:7)
  2 ogres
  A centaur (D:6)
  A kobold brigand (D:6)
  A bullfrog (D:6)
  A scorpion (D:4)
  8 wights
  6 killer bees
  A hound (D:6)
  3 orc priests (D:7)
  4 jellies
  2 iguanas
  2 orc wizards
  Jessica (D:2)
  Ijyb (D:4)
  9 adders
  A river rat (Sewer)
  A shadow imp (D:5)
  3 white imps (D:7)
  2 worms
  3 dart slugs
  13 orcs
  5 bats
  17 endoplasms
  4 giant cockroaches
  9 goblins
  5 hobgoblins
  11 jackals
  5 kobolds
  2 quokkas
  9 ball pythons
  9 frilled lizards
  9 rats
158 creatures vanquished.

Notes
Turn   | Place    | Note
-------+----------+-------------------------------------------
     0 | D:1      | H0rd4k the Octopode Transmuter began the quest for the Orb.
     0 | D:1      | Reached XP level 1. HP: 13/13 MP: 3/3
    79 | D:1      | Reached XP level 2. HP: 12/18 MP: 5/5
   458 | D:1      | Found Uruemn's General Store.
   670 | D:1      | Found Dyfopryi's Assorted Antiques.
   690 | D:1      | Found Vehil's Jewellery Emporium.
   726 | D:1      | Found Weadwielit's Antique Armour Shop.
   908 | D:2      | Reached XP level 3. HP: 6/23 MP: 6/6
   908 | D:2      | HP: 1/23 [quokka (5)]
  1454 | D:2      | Noticed Jessica
  1469 | D:2      | Killed Jessica
  1470 | D:2      | Reached skill level 4 in Unarmed Combat
  1470 | D:2      | Reached XP level 4. HP: 18/28 MP: 7/7
  1812 | D:2      | Found a faded altar of an unknown god.
  1928 | D:3      | Reached XP level 5. HP: 29/33 MP: 8/8
  1993 | D:3      | Identified the +8 short sword of Foacw {holy, +Blink rPois
                  | Stlth+}
  3033 | D:4      | Noticed Sigmund
  3043 | D:4      | Killed Sigmund
  3044 | D:4      | Reached skill level 5 in Unarmed Combat
  3044 | D:4      | Reached XP level 6. HP: 30/38 MP: 9/9
  3433 | D:4      | Noticed Ijyb
  3448 | D:4      | Killed Ijyb
  3533 | D:4      | Reached skill level 6 in Unarmed Combat
  3658 | D:4      | Identified the +0 ring mail "Bompostey" {Dex+2 Stlth+}
  4016 | D:5      | Entered Level 5 of the Dungeon
  4339 | D:5      | Reached XP level 7. HP: 43/43 MP: 9/11
  4594 | D:5      | Noticed Grinder
  4716 | D:6      | HP: 1/42 [wight/+4 battleaxe (5)]
  4725 | D:6      | Gained mutation: You have very sharp teeth. [potion of
                  | mutation]
  4725 | D:6      | Gained mutation: Your muscles are strong. (Str +4, Int/Dex
                  | -1) [potion of mutation]
  4725 | D:6      | Gained mutation: Your muscles are very strong. (Str +8,
                  | Int/Dex -2) [potion of mutation]
  4766 | D:6      | Found a glowing drain.
  4870 | Sewer    | Entered a sewer
  5153 | Sewer    | Reached skill level 7 in Unarmed Combat
  5153 | Sewer    | Reached XP level 8. HP: 40/50 MP: 12/12
  5312 | Sewer    | Found a viscous altar of Jiyva.
  5471 | D:6      | Reached skill level 1 in Evocations
  5750 | D:6      | Learned a level 3 spell: Inner Flame
  5754 | D:6      | Learned a level 3 spell: Tukima's Dance
  5821 | D:7      | Reached skill level 1 in Hexes
  6182 | D:7      | Found a white marble altar of Elyvilon.
  6191 | D:7      | Reached skill level 1 in Fire Magic
  6363 | D:7      | Reached skill level 1 in Throwing
  6615 | D:7      | Reached XP level 9. HP: 15/54 MP: 14/16
  6618 | D:7      | Reached skill level 5 in Transmutations
  7035 | D:7      | Reached skill level 5 in Spellcasting
  7180 | D:7      | Learned a level 3 spell: Spider Form
  7452 | D:7      | Found a staircase to the Ecumenical Temple.
  7466 | Temple   | Entered the Ecumenical Temple
  7499 | Temple   | Became a worshipper of Gozag Ym Sagoz the Greedy
  7789 | D:7      | Reached skill level 1 in Poison Magic
  8019 | D:8      | Learned a level 5 spell: Blade Hands
  8034 | D:8      | Slain by a wyvern

Illustrated notes

Levels and vault maps discovered:
D:1:      minmay_arrival_open_corners, layout_basic, serial_shops,
          nicolae_shop_behind_doors, nicolae_shop_behind_doors,
          nicolae_lakefront_shop, shop_statue, item_on_display_a
D:2:      layout_rooms, hellmonk_ecumenical_altar_leap_of_faith, uniq_jessica
D:3:      layout_loops_ring, grunt_ministairs_14
D:4:      layout_basic, minivault_1, uniq_sigmund, uniq_ijyb
D:5:      cheibrodos_two_vegetables, layout_cave_pools, lexackson_kobold_supper,
          uniq_edmund, uniq_grinder
D:6:      layout_rooms, cheibrodos_sewer_entry_bend, grunt_decor_mini_mirrors,
          minmay_manual_moon
D:7:      layout_loops_cross, mainiacjoe_overflow_alcove_2,
          minmay_temple_entry_nine_rooms
D:8:      layout_basic, minmay_lair_entry_grove
Temple:   compressed_dpeg_triangle_lava_temple

Skill      XL: |  1  2  3  4  5  6  7  8  9 |
---------------+----------------------------+-----
Unarmed Combat | 4 5 6 7 |  7.4
Dodging        | 3 4 |  4.0
Transmutations | 3 4 5 |  5.5
Spellcasting   | 3 4 5 |  5.4
Evocations     | 1 2 |  2.4
Fighting       | 2 |  2.2
Hexes          | 2 |  2.8
Fire Magic     | 2 3 |  3.1
Throwing       | 1 2 |  2.4
Poison Magic   | 1 |  1.5

Action                   |  1- 3 |  4- 6 |  7- 9 || total
-------------------------+-------+-------+-------++-------
Melee: Unarmed           |    66 |   142 |   200 ||   408
       Constrict         |    21 |    34 |    31 ||    86
       Tentacles         |    20 |    17 |    45 ||    82
       Punch             |     4 |     4 |     8 ||    16
       Kick              |     1 |     8 |    62 ||    71
       Bite              |       |       |    22 ||    22
Throw: Dart              |       |       |    13 ||    13
 Cast: Beastly Appendage |     1 |     7 |    27 ||    35
Evoke: Wand              |       |     5 |    13 ||    18
  Use: Potion            |       |       |     4 ||     4
       Scroll            |       |       |     7 ||     7
 Stab: Sleeping          |     3 |     7 |     1 ||    11
       Paralysed         |       |    12 |     5 ||    17
       Distracted        |       |     1 |       ||     1
Armor: Skin              |    11 |     8 |     6 ||    25
Dodge: Dodged            |    53 |    93 |   144 ||   290
